 Dungeon Sprint DCSS version 0.27.1-33-g824d729ab1 (webtiles) character file.

Game seed: 4145774774118966326

1230 Hipnos the Severer (level 8, 0/82 HPs)
             Began as a Hill Orc Monk on Nov 25, 2021.
             Was a Believer of Qazlal.
             Slain by a demonic crawler (2 damage)
             ... in the Dungeon (Sprint I: "Red Sonja").
             The game lasted 00:03:39 (1282 turns).

Hipnos the Severer (Hill Orc Monk)                  Turns: 1282, Time: 00:03:39

Health: 0/82       AC:  4    Str: 16    XL:     8   Next: 48%
Magic:  8/12       EV: 15    Int: 10    God:    Qazlal [**....]
Gold:   206        SH:  3    Dex: 13    Spells: 7/7 levels left

rFire    . . .     SeeInvis .   j - +5 battleaxe (vorpal)
rCold    . . .     Faith    .   (shield currently unavailable)
rNeg     . . .     Spirit   .   b - +0 robe
rPois    .         Reflect  .   i - +2 hat
rElec    .         Harm     .   (no cloak)
rCorr    .         Rampage  .   (no gloves)
Will     .....     NoTele   +   (no boots)
Stlth    +.........             (no amulet)
HPRegen  0.23/turn              (no ring)
MPRegen  0.13/turn              (no ring)

@: no status effects
A: no striking features
a: Renounce Religion, Upheaval


You were in the Dungeon.
You worshipped Qazlal.
Qazlal was pleased with you.
You visited 1 branch You collected 405 gold pieces.
You spent 199 gold pieces at shops.

Inventory:

Hand Weapons
 a - a +0 hand axe
 j - a +5 vorpal battleaxe (weapon)
Armour
 b - a +0 robe (worn)
 i - a +2 hat (worn)
Wands
 g - a wand of flame (12)
Scrolls
 h - a scroll of blinking
Potions
 c - a potion of curing
 d - a potion of heal wounds
 e - a potion of haste
 f - 2 potions of magic


   Skills:
 + Level 11.1 Fighting
 + Level 15.5 Axes
 + Level 7.8 Dodging
 - Level 1.5 Stealth
 * Level 6.5 Invocations


You had 7 spell levels left.
You didn't know any spells.
Your spell library was empty.

Dungeon Overview and Level Annotations

Branches:
Dungeon (1/1)

Altars:
Cheibriados
Dithmenos
Elyvilon
Fedhas
Gozag
Hepliaklqana
Kikubaaqudgha
Makhleb
Nemelex Xobeh
Okawaru
Qazlal
Ru
Sif Muna
Trog
Uskayaw
Vehumet
Wu Jian
Xom
Yredelemnul
Zin
The Shining One
Jiyva
Lugonu

Shops:
D (


Message History

You slash the demonic crawler!
The demonic crawler is moderately wounded.
The demonic crawler is engulfed in blazing flames.
The demonic crawler misses you. The demonic crawler hits you! x3
The demonic crawler barely misses you. The demonic crawler closely misses you.
The demonic crawler is engulfed in blazing flames.
The demonic crawler barely misses you. The demonic crawler hits you. x2
Things that are here:
a +0 dagger; a +0 robe The demonic crawler closely misses you.
You block the demonic crawler's attack.
The demonic crawler completely misses you.
There is an open door here.
Aiming: Upheaval
Press: ? - help, Dir - move target, f - demonic crawler
Aim: a demonic crawler A blizzard blasts the area with ice!
The blast of ice hits the demonic crawler!
The demonic crawler partially resists.
The demonic crawler is moderately wounded.
The demonic crawler is flash-frozen.
The blast of ice hits the demonic crawler!
The demonic crawler partially resists.
The demonic crawler is severely wounded.
The demonic crawler is flash-frozen.
The blast of ice hits the demonic crawler!
The demonic crawler partially resists.
The demonic crawler is lightly wounded.
The demonic crawler is flash-frozen.
You can no longer give life to nearby clouds.
The demonic crawler hits you! The demonic crawler misses you.
The demonic crawler hits you!
* * * LOW HITPOINT WARNING * * *
The demonic crawler hits you!
* * * LOW HITPOINT WARNING * * *
The demonic crawler barely misses you. The demonic crawler hits you!
* * * LOW HITPOINT WARNING * * *
The demonic crawler hits you!
* * * LOW HITPOINT WARNING * * *
You block the demonic crawler's attack. The demonic crawler hits you.
You die...

#####################
)'..#.)'..#__#..@ss.#
.#.)'..#..'..'..#ss.##+#
###'#####'#__####...'..#
##..#...#)#### #####..+
_####..##)# ##
____##'#_.+ .∩...'..._#
..__##_.#'# ____###+#.#


You could see 4 demonic crawlers.

Vanquished Creatures
  2 kobold demonologists (D)
  A slime creature (D)
  Sigmund (D)
  A yak (D)
  A floating eye (D)
  An ogre (D)
  A jelly (D)
  Ijyb (D)
9 creatures vanquished.

Vanquished Creatures (others)
  3 hornets (D)
3 creatures vanquished.

Grand Total: 12 creatures vanquished

Notes
Turn   | Place    | Note
-------+----------+-------------------------------------------
     0 | D        | Hipnos the Hill Orc Monk began the quest for the Orb.
     0 | D        | Reached XP level 1. HP: 19/19 MP: 1/1
     2 | D        | Noticed Ijyb
    13 | D        | Killed Ijyb
    14 | D        | Reached skill level 5 in Fighting
    14 | D        | Reached skill level 6 in Axes
    14 | D        | Reached XP level 2. HP: 10/29 MP: 2/2
    14 | D        | Reached XP level 3. HP: 12/36 MP: 3/3
   233 | D        | Noticed an ogre
   238 | D        | Killed a hornet
   241 | D        | Killed an ogre
   242 | D        | Reached skill level 9 in Axes
   242 | D        | Reached XP level 4. HP: 11/45 MP: 4/4
   383 | D        | Killed a hornet
   473 | D        | Noticed Sigmund
   495 | D        | Killed Sigmund
   496 | D        | Reached skill level 11 in Axes
   496 | D        | Reached skill level 5 in Dodging
   496 | D        | Reached XP level 5. HP: 10/53 MP: 5/5
   496 | D        | Reached XP level 6. HP: 11/61 MP: 6/6
   682 | D        | Killed a hornet
   755 | D        | Found an ornate altar of the Wu Jian Council.
   755 | D        | Found a shimmering blue altar of Sif Muna.
   757 | D        | Found a radiant altar of Vehumet.
   763 | D        | Reached skill level 12 in Axes
   815 | D        | Found Jabryreo's Antique Weapon Emporium.
   815 | D        | Found an ancient bone altar of Kikubaaqudgha.
   815 | D        | Found a hazy altar of Hepliaklqana.
   815 | D        | Found a stormy altar of Qazlal.
   815 | D        | Found a hide-covered altar of Uskayaw.
   815 | D        | Found a blossoming altar of Fedhas.
   815 | D        | Found a bloodstained altar of Trog.
   815 | D        | Found an iron altar of Okawaru.
   815 | D        | Found a basalt altar of Yredelemnul.
   815 | D        | Found a glowing golden altar of the Shining One.
   815 | D        | Found a snail-covered altar of Cheibriados.
   815 | D        | Found a sacrificial altar of Ru.
   815 | D        | Found a glowing silver altar of Zin.
   815 | D        | Found a shadowy altar of Dithmenos.
   815 | D        | Found a white marble altar of Elyvilon.
   815 | D        | Noticed a yak
   816 | D        | Found an opulent altar of Gozag.
   825 | D        | Killed a yak
   826 | D        | Reached skill level 13 in Axes
   826 | D        | Reached XP level 7. HP: 30/70 MP: 7/7
   826 | D        | Found a sparkling altar of Nemelex Xobeh.
   829 | D        | Became a worshipper of Qazlal Stormbringer
   829 | D        | Reached * piety under Qazlal
   829 | D        | Reached ** piety under Qazlal
   873 | D        | Bought a runed battleaxe for 199 gold pieces
  1027 | D        | Found a burning altar of Makhleb.
  1027 | D        | Found a shimmering altar of Xom.
  1027 | D        | Noticed a slime creature
  1028 | D        | Found a viscous altar of Jiyva.
  1028 | D        | Found a corrupted altar of Lugonu.
  1033 | D        | Killed a slime creature
  1034 | D        | Reached skill level 14 in Axes
  1169 | D        | Noticed a kobold demonologist
  1169 | D        | Noticed a kobold demonologist
  1172 | D        | Reached skill level 10 in Fighting
  1180 | D        | Killed a kobold demonologist
  1181 | D        | Reached skill level 15 in Axes
  1181 | D        | Reached skill level 5 in Invocations
  1181 | D        | Reached XP level 8. HP: 63/81 MP: 10/12
  1181 | D        | Noticed an ice devil
  1182 | D        | Killed a kobold demonologist
  1182 | D        | Reached *** piety under Qazlal
  1275 | D        | Noticed a demonic crawler
  1275 | D        | Noticed a demonic crawler
  1275 | D        | Noticed a demonic crawler
  1275 | D        | Noticed a demonic crawler
  1282 | D        | HP: 2/82 [demonic crawler (8)]
  1282 | D        | Slain by a demonic crawler

Illustrated notes

Levels and vault maps discovered:
D:        dungeon_sprint_1 [red_sonja_temple_1, red_sonja_temple_small_1]

Skill      XL: |  1  2  3  4  5  6  7  8 |
---------------+-------------------------+-----
Fighting       | 5 6 8 9 10 11 | 11.1
Axes           | 6 9 11 13 15 | 15.5
Dodging        | 3 4 5 6 7 |  7.8
Invocations    | 5 6 |  6.5
Stealth        | |  1.5

Action                   |  1- 3 |  4- 6 |  7- 9 || total
-------------------------+-------+-------+-------++-------
Melee: Hand axe          |    15 |    26 |       ||    41
       Battleaxe         |       |       |    20 ||    20
Invok: Upheaval          |       |       |     1 ||     1
  Use: Potion            |     1 |       |       ||     1
 Stab: Sleeping          |     2 |     2 |       ||     4
Armor: Robe              |     1 |       |     3 ||     4
Dodge: Dodged            |     4 |     7 |    21 ||    32
Block: Other             |       |       |     2 ||     2
